BSA
HOUSTON MARSHALS @ AUSTIN RIVER SHARKS
08/03/2030
 
TOP OF THE 1ST
Houston Marshals batting - Pitching for Austin River Sharks : RHP José Pérez
Pitching: RHP José Pérez
Batting: RHB Javier Rentería 0-0: Called Strike
0-1: Swinging Strike
0-2: Ball
1-2: Ball
2-2: Ball
3-2: Base on Balls
Batting: SHB Ramón Lugo 0-0: Foul Ball, location: 2F
0-1: Ball
1-1: Ball
2-1: Ball
3-1: Called Strike
3-2: Strikes out swinging
Batting: LHB José Rodríguez 0-0: Ball
1-0: Called Strike
1-1: Called Strike
1-2: Strikes out swinging
Batting: SHB Juan Gómez 0-0: Ball
1-0: Ball
2-0: Called Strike
2-1: Foul Ball, location: 2F
2-2: Foul Ball, location: 2F
2-2: Ball
3-2: TRIPLE (Line Drive, 8LXD)
Javier Rentería scores
Batting: SHB Álex Rosado 0-0: Ball
1-0: Foul Ball, location: 2F
1-1: Foul Ball, location: 2F
1-2: Ground out 6-3 (Groundball, 6)
Top of the 1st over - 1 run, 1 hit, 0 errors, 1 left on base; Houston 1 - Austin 0
BOTTOM OF THE 1ST
Austin River Sharks batting - Pitching for Houston Marshals : RHP Jim Fitzgerald
Pitching: RHP Jim Fitzgerald
Batting: RHB Tom Rowe 0-0: Fly out, F7 (Flyball, 78M)
Batting: LHB Enrico Vargas 0-0: Ball
1-0: Foul Ball, location: 2F
1-1: Ground out 3-1 (Groundball, 34)
Batting: LHB Fred Abrams 0-0: Ball
1-0: Called Strike
1-1: Ball
2-1: Foul Ball, location: 2F
2-2: Ball
3-2: Strikes out swinging
Bottom of the 1st over - 0 runs, 0 hits, 0 errors, 0 left on base; Houston 1 - Austin 0
TOP OF THE 2ND
Houston Marshals batting - Pitching for Austin River Sharks : RHP José Pérez
Batting: LHB Bernardo Morales 0-0: Ball
1-0: Called Strike
1-1: Ball
2-1: Ball
3-1: Called Strike
3-2: Fly out, F9 (Flyball, 9S)
Batting: LHB Sammy Marshall 0-0: Called Strike
0-1: Foul Ball, location: 2F
0-2: Strikes out swinging
Batting: RHB Esteban Lara 0-0: Called Strike
0-1: Called Strike
0-2: Foul Ball, location: 2F
0-2: Ball
1-2: Ball
2-2: Strikes out swinging
Top of the 2nd over - 0 runs, 0 hits, 0 errors, 0 left on base; Houston 1 - Austin 0
BOTTOM OF THE 2ND
Austin River Sharks batting - Pitching for Houston Marshals : RHP Jim Fitzgerald
Batting: RHB Edward Young 0-0: Called Strike
0-1: Swinging Strike
0-2: Strikes out swinging
Batting: LHB José Liñares 0-0: Called Strike
0-1: Swinging Strike
0-2: Foul Ball, location: 2F
0-2: Foul Ball, location: 2F
0-2: Ball
1-2: SINGLE (Flyball, 78S)
Batting: RHB Tony Cruz 0-0: Called Strike
0-1: Ball
1-1: Swinging Strike
1-2: Strikes out swinging
Batting: RHB Paul Swift 0-0: Called Strike
0-1: Ball
1-1: Ball
2-1: Called Strike
2-2: Ball
3-2: Fly out, F9 (Flyball, 9LM)
Bottom of the 2nd over - 0 runs, 1 hit, 0 errors, 1 left on base; Houston 1 - Austin 0
TOP OF THE 3RD
Houston Marshals batting - Pitching for Austin River Sharks : RHP José Pérez
Batting: LHB Matt Smith 0-0: Foul Ball, location: 2F
0-1: Ball
1-1: Called Strike
1-2: Ball
2-2: Ground out 6-3 (Groundball, 6)
Batting: RHB Javier Rentería 0-0: Called Strike
0-1: Hit by Pitch
Batting: SHB Ramón Lugo 0-0: Ball
1-0: Ball
2-0: Foul Ball, location: 2F
2-1: Called Strike
2-2: Ball
3-2: Grounds into double play, 4-6-3 (Groundball, 4)
Top of the 3rd over - 0 runs, 0 hits, 0 errors, 0 left on base; Houston 1 - Austin 0
BOTTOM OF THE 3RD
Austin River Sharks batting - Pitching for Houston Marshals : RHP Jim Fitzgerald
Batting: LHB Freddy Herrera 0-0: Called Strike
0-1: Called Strike
0-2: Ball
1-2: SINGLE (Line Drive, 34)
Batting: LHB Russell Peck 0-0: SINGLE (Groundball, 34S) (infield hit)
Freddy Herrera to second
Batting: RHB Tom Rowe 0-0: Ball
1-0: Foul Ball, location: 2F
1-1: Called Strike
1-2: SINGLE (Groundball, 6) (infield hit)
Freddy Herrera to third
Russell Peck to second
Batting: LHB Enrico Vargas 0-0: Fly out, F9 (Line Drive, 9)
Runner from 3rd tags up, SCORES, throw made
Batting: LHB Fred Abrams 0-0: Ball
1-0: Ball
2-0: Foul Ball, location: 2F
2-1: Ball
3-1: Swinging Strike
3-2: Strikes out swinging
Batting: RHB Edward Young 0-0: Ball
1-0: Ball
2-0: Ball
3-0: Called Strike
3-1: Called Strike
3-2: SINGLE (Flyball, 89S)
Russell Peck to third
Tom Rowe to second
Russell Peck scores
Tom Rowe to third
Batting: LHB José Liñares 0-0: SINGLE (Line Drive, 4M)
Tom Rowe scores
Edward Young to second
Runner from 2nd tries for 3rd, SAFE, no throw
Batting: RHB Tony Cruz 0-0: Swinging Strike
0-1: Swinging Strike
0-2: Ground out 1-3 (Groundball, 13S)
Bottom of the 3rd over - 3 runs, 5 hits, 0 errors, 2 left on base; Houston 1 - Austin 3
TOP OF THE 4TH
Houston Marshals batting - Pitching for Austin River Sharks : RHP José Pérez
Batting: LHB José Rodríguez 0-0: Called Strike
0-1: Ball
1-1: Ball
2-1: Foul Ball, location: 2F
2-2: Foul Ball, location: 2F
2-2: Strikes out swinging
Batting: SHB Juan Gómez 0-0: Ball
1-0: Ball
2-0: Ball
3-0: Base on Balls
Batting: SHB Álex Rosado 0-0: Ball
1-0: Foul Ball, location: 2F
1-1: Called Strike
1-2: Strikes out swinging
Batting: LHB Bernardo Morales 0-0: Fielders Choice at 2nd, 6-4 (Groundball, 6)
Top of the 4th over - 0 runs, 0 hits, 0 errors, 1 left on base; Houston 1 - Austin 3
BOTTOM OF THE 4TH
Austin River Sharks batting - Pitching for Houston Marshals : RHP Jim Fitzgerald
Batting: RHB Paul Swift 0-0: Ball
1-0: Ball
2-0: Ground out 4-3 (Groundball, 4)
Batting: LHB Freddy Herrera 0-0: Called Strike
0-1: Ball
1-1: Fly out, F4 (Line Drive, 4M)
Batting: LHB Russell Peck 0-0: Called Strike
0-1: SINGLE (Line Drive, 89S)
Batting: RHB Tom Rowe 0-0: Called Strike
0-1: Ground out 1-3 (Groundball, P)
Bottom of the 4th over - 0 runs, 1 hit, 0 errors, 1 left on base; Houston 1 - Austin 3
TOP OF THE 5TH
Houston Marshals batting - Pitching for Austin River Sharks : RHP José Pérez
Batting: LHB Sammy Marshall 0-0: Ball
1-0: Foul Ball, location: 2F
1-1: Ball
2-1: SINGLE (Flyball, 8RM)
Batting: RHB Esteban Lara 0-0: Called Strike
0-1: Ball
1-1: Ball
2-1: Ball
3-1: Fly out, F8 (Flyball, 8LM)
Batting: LHB Matt Smith 0-0: Ball
1-0: Ball
2-0: Called Strike
2-1: Fly out, F7 (Flyball, 7LS)
Batting: RHB Javier Rentería 0-0: Ball
1-0: Ball
2-0: Fielders Choice at 2nd, 6-4 (Groundball, 6)
Top of the 5th over - 0 runs, 1 hit, 0 errors, 1 left on base; Houston 1 - Austin 3
BOTTOM OF THE 5TH
Austin River Sharks batting - Pitching for Houston Marshals : RHP Jim Fitzgerald
Batting: LHB Enrico Vargas 0-0: Ball
1-0: Foul Ball, location: 2F
1-1: Called Strike
1-2: Ball
2-2: Foul Ball, location: 2F
2-2: Ground out 4-3 (Groundball, 4M)
Batting: LHB Fred Abrams 0-0: DOUBLE (Line Drive, 8RXD)
Batting: RHB Edward Young 0-0: SINGLE (Groundball, 56D)
Fred Abrams to third
Runner from 3rd tries for Home, SAFE, no throw
Batting: LHB José Liñares 0-0: Called Strike
0-1: Ground out 4-3 (Groundball, 34)
Edward Young to second
Batting: RHB Tony Cruz 0-0: Called Strike
0-1: Foul Ball, location: 2F
0-2: Strikes out swinging
Bottom of the 5th over - 1 run, 2 hits, 0 errors, 1 left on base; Houston 1 - Austin 4
TOP OF THE 6TH
Houston Marshals batting - Pitching for Austin River Sharks : RHP José Pérez
Batting: SHB Ramón Lugo 0-0: Called Strike
0-1: SINGLE (Groundball, 56D)
Batting: LHB José Rodríguez 0-0: Called Strike
0-1: Ball
1-1: Called Strike
1-2: Foul Ball, location: 2F
1-2: Fly out, F9 (Flyball, 9S)
Batting: SHB Juan Gómez 0-0: Ball
1-0: Ball
2-0: SINGLE (Line Drive, 7S)
Ramón Lugo to second
Batting: SHB Álex Rosado 0-0: Ball
1-0: DOUBLE (Flyball, 78XD)
Ramón Lugo scores
Juan Gómez to third
Batting: LHB Bernardo Morales 0-0: Called Strike
0-1: Hit by Pitch
Batting: LHB Sammy Marshall 0-0: Called Strike
0-1: Foul Ball, location: 2F
0-2: Ball
1-2: Foul Ball, location: 2F
1-2: Foul Ball, location: 2F
1-2: Foul Ball, location: 2F
1-2: Ground out U3 (Groundball, 23)
Juan Gómez scores
Álex Rosado to third
Bernardo Morales to second
Batting: RHB Esteban Lara 0-0: Called Strike
0-1: Swinging Strike
0-2: Ball
1-2: Strikes out looking
Top of the 6th over - 2 runs, 3 hits, 0 errors, 2 left on base; Houston 3 - Austin 4
BOTTOM OF THE 6TH
Austin River Sharks batting - Pitching for Houston Marshals : RHP Jim Fitzgerald
Batting: RHB Paul Swift 0-0: Ball
1-0: Swinging Strike
1-1: Ground out 5-3 (Groundball, 5)
Batting: LHB Freddy Herrera 0-0: Foul Ball, location: 2F
0-1: Swinging Strike
0-2: Ball
1-2: Ground out U3 (Groundball, 3)
Batting: LHB Russell Peck 0-0: SINGLE (Groundball, 6MD)
Batting: RHB Tom Rowe 0-0: Ball
1-0: Foul Ball, location: 2F
1-1: Ball
2-1: Fly out, F9 (Flyball, 9)
Bottom of the 6th over - 0 runs, 1 hit, 0 errors, 1 left on base; Houston 3 - Austin 4
TOP OF THE 7TH
Houston Marshals batting - Pitching for Austin River Sharks : RHP José Pérez
Pitching: RHP Junior Mateo
Batting: LHB Matt Smith 0-0: Called Strike
0-1: Called Strike
0-2: SINGLE (Groundball, 56D)
Pinch Hitting: LHB Michael Cook 0-0: Ball
1-0: Ball
2-0: Ball
3-0: Called Strike
3-1: Base on Balls
Matt Smith to second
Batting: SHB Ramón Lugo 0-0: Ball
1-0: Ball
2-0: Foul Ball, location: 2F
2-1: Swinging Strike
2-2: Ball
3-2: Base on Balls
Matt Smith to third
Michael Cook to second
Pitching: LHP Manuel Gil
Batting: LHB José Rodríguez 0-0: Ball
1-0: Foul Ball, location: 2F
1-1: Foul Ball, location: 2F
1-2: Ball
2-2: Strikes out swinging
Pitching: RHP Pedro Leal
Batting: SHB Juan Gómez 0-0: Called Strike
0-1: Called Strike
0-2: Ball
1-2: Grounds into fielders choice 3-2 (Groundball, 3)
Michael Cook to third
Ramón Lugo to second
Batting: SHB Álex Rosado 0-0: Ball
1-0: SINGLE (Groundball, 56D)
Michael Cook scores
Ramón Lugo to third
Juan Gómez to second
Runner from 3rd tries for Home, SAFE, no throw
Batting: LHB Bernardo Morales 0-0: Called Strike
0-1: Ball
1-1: Ball
2-1: Swinging Strike
2-2: Ball
3-2: Foul Ball, location: 2F
3-2: Strikes out swinging
Top of the 7th over - 2 runs, 2 hits, 0 errors, 2 left on base; Houston 5 - Austin 4
BOTTOM OF THE 7TH
Austin River Sharks batting - Pitching for Houston Marshals : RHP Jim Fitzgerald
Now in RF: Michael Cook
Batting: LHB Enrico Vargas 0-0: Ball
1-0: Swinging Strike
1-1: Fly out, F2 (Popup, 25F)
Batting: LHB Fred Abrams 0-0: Ball
1-0: Foul Ball, location: 2F
1-1: Called Strike
1-2: Strikes out swinging, 2-3 out at first.
Batting: RHB Edward Young 0-0: Called Strike
0-1: SINGLE (Flyball, 34D)
Batting: LHB José Liñares 0-0: Called Strike
0-1: Foul Ball, location: 2F
0-2: Foul Ball, location: 2F
0-2: Ball
Pickoff Throw to First - Error! E1
Edward Young to second
1-2: SINGLE (Groundball, 4S) (infield hit)
Edward Young to third
Pitching: RHP Álex Rodríguez
Batting: RHB Tony Cruz 0-0: Foul Ball, location: 2F
0-1: Ball
1-1: Ground out 5-3 (Groundball, 56)
Bottom of the 7th over - 0 runs, 2 hits, 1 error, 2 left on base; Houston 5 - Austin 4
TOP OF THE 8TH
Houston Marshals batting - Pitching for Austin River Sharks : RHP Pedro Leal
Batting: LHB Sammy Marshall 0-0: Called Strike
0-1: Ball
1-1: Ball
2-1: Ball
3-1: Foul Ball, location: 2F
3-2: Base on Balls
Batting: RHB Esteban Lara 0-0: Ball
Sammy Marshall steals 2nd base
1-0: Ball
2-0: Ball
3-0: Base on Balls
Batting: LHB Matt Smith 0-0: Fly out, F5 (Popup, 5SF)
Batting: LHB Michael Cook 0-0: Ball
1-0: Foul Ball, location: 2F
1-1: Fielders Choice at 2nd, 4-6 (Groundball, 34)
Sammy Marshall to third
Batting: SHB Ramón Lugo 0-0: Ball
1-0: Called Strike
1-1: Ball
2-1: Called Strike
2-2: Ball
3-2: SINGLE (Line Drive, 3D)
Sammy Marshall scores
Michael Cook to second
Michael Cook to third
Batting: LHB José Rodríguez 0-0: Foul Ball, location: 2F
0-1: Ball
1-1: SINGLE (Line Drive, 6) (infield hit)
Michael Cook scores
Ramón Lugo to second
Pitching: RHP Jorge Delgado
Batting: SHB Juan Gómez 0-0: Called Strike
0-1: Ball
1-1: Foul Ball, location: 2F
1-2: Strikes out swinging
Top of the 8th over - 2 runs, 2 hits, 0 errors, 2 left on base; Houston 7 - Austin 4
BOTTOM OF THE 8TH
Austin River Sharks batting - Pitching for Houston Marshals : RHP Álex Rodríguez
Batting: RHB Paul Swift 0-0: Foul Ball, location: 2F
0-1: Ball
1-1: Called Strike
1-2: Fly out, F8 (Flyball, 8RD)
Batting: LHB Freddy Herrera 0-0: Ground out 4-3 (Groundball, 4)
Batting: LHB Russell Peck 0-0: Called Strike
0-1: Foul Ball, location: 2F
0-2: Ball
1-2: Foul Ball, location: 2F
1-2: Foul Ball, location: 2F
1-2: Foul Ball, location: 2F
1-2: Ball
2-2: Foul Ball, location: 2F
2-2: Ball
3-2: Base on Balls
Batting: RHB Tom Rowe 0-0: Ball
1-0: Ground out 4-3 (Groundball, 34)
Bottom of the 8th over - 0 runs, 0 hits, 0 errors, 1 left on base; Houston 7 - Austin 4
TOP OF THE 9TH
Houston Marshals batting - Pitching for Austin River Sharks : RHP Jorge Delgado
Batting: SHB Álex Rosado 0-0: Called Strike
0-1: Swinging Strike
0-2: Ball
1-2: Foul Ball, location: 2F
1-2: Fly out, F9 (Line Drive, 9)
Batting: LHB Bernardo Morales 0-0: Foul Ball, location: 2F
0-1: Foul Ball, location: 2F
0-2: Fly out, F8 (Flyball, 78D)
Batting: LHB Sammy Marshall 0-0: Called Strike
0-1: Ball
1-1: Foul Ball, location: 2F
1-2: Ball
2-2: Strikes out looking
Top of the 9th over - 0 runs, 0 hits, 0 errors, 0 left on base; Houston 7 - Austin 4
BOTTOM OF THE 9TH
Austin River Sharks batting - Pitching for Houston Marshals : RHP Álex Rodríguez
Batting: LHB Enrico Vargas 0-0: Called Strike
0-1: Ball
1-1: Swinging Strike
1-2: Ball
2-2: Ball
3-2: Foul Ball, location: 2F
3-2: Foul Ball, location: 2F
3-2: Ground out 4-3 (Groundball, 4)
Batting: LHB Fred Abrams 0-0: Ball
1-0: Foul Ball, location: 2F
1-1: Foul Ball, location: 2F
1-2: Ball
2-2: SINGLE (Line Drive, 4D)
Batting: RHB Edward Young 0-0: Ball
1-0: Grounds into double play, 6-4-3 (Groundball, 6)
Bottom of the 9th over - 0 runs, 1 hit, 0 errors, 0 left on base; Houston 7 - Austin 4
Saturday, April 7th, 2018 - OOTP Baseball 18.8 Build 76